 Dungeon Crawl Stone Soup version 0.32-a0-705-g60f233581c (webtiles) character file.

Game seed: 7272483474382698890

7675 hikkokomori the Skirmisher (level 11, -2/86 HPs)
             Began as a Coglin Hunter on Mar 14, 2024.
             Slain by a wyvern (15 damage)
             ... on level 9 of the Dungeon.
             The game lasted 00:24:23 (7558 turns).

hikkokomori the Skirmisher (Coglin Hunter)          Turns: 7558, Time: 00:24:23

Health: -2/86      AC:  6    Str: 11    XL:     11   Next: 19%
Magic:  14/14      EV: 11    Int:  9    God:
Gold:   448        SH:  0    Dex: 22    Spells: 7/14 levels left

rFire   . . .        a - +4 sling (freeze) {Teghnoor}
rCold   . . .        d - +0 sling {Lan}
rNeg    . . .        c - +1 leather armour
rPois   .            q - +0 helmet
rElec   .            y - +0 cloak
rCorr   .            (no gloves)
SInv    .            (no boots)
Will    .....        (amulet unavailable)
Stlth   ++           (ring unavailable)
HPRegen 0.34/turn    (ring unavailable)
MPRegen 0.14/turn    (no gizmo)

%: no passive effects
@: revved
A: off-hand wielding, slow wielding, warmup strikes, no jewellery
a: Invent Gizmo


You were on level 9 of the Dungeon.
You visited 2 branches of the dungeon, and saw 10 of its levels.
You also visited: Sewer and Bailey.

You collected 448 gold pieces.

Inventory:

Hand Weapons
 a - a +4 sling of freezing (weapon) {Teghnoor}
 d - a +0 sling (offhand) {Lan}
 j - a +5 dagger
 B - the +1 hand axe "Acoil" {freeze, Fly rPois}
   (You took it off a wight on level 8 of the Dungeon)

   rPois:     It protects you from poison.
   Fly:       It grants you flight.
Missiles
 z - a curare-tipped dart
Armour
 c - a +1 leather armour (worn)
 p - a +0 ring mail of poison resistance
 q - a +0 helmet (worn)
 t - a +2 chain mail of cold resistance
 y - a +0 cloak (worn)
Wands
 x - a wand of roots (3)
Scrolls
 b - a scroll of butterflies
 i - a scroll of blinking
 k - 3 scrolls of fear
 l - a scroll of enchant armour
 m - 5 scrolls of fog
 u - a scroll of poison
 v - a scroll of noise
 A - a scroll of silence {unknown}
 C - 2 scrolls of revelation {unknown}
 E - a scroll of enchant weapon
 G - a scroll of acquirement
 H - a scroll of brand weapon
 I - a scroll of summoning {unknown}
Potions
 e - 2 potions of curing
 f - a potion of invisibility {unknown}
 g - 2 potions of brilliance
 h - 3 potions of enlightenment
 n - 2 potions of might
 o - 2 potions of heal wounds {unknown}
 r - a potion of haste
 s - 2 potions of lignification {unknown}
 w - 2 potions of mutation
 D - a potion of resistance {unknown}
Miscellaneous
 F - a phantom mirror (inert)


   Skills:
 - Level 8.0 Fighting
 + Level 11.0 Ranged Weapons
 - Level 1.7 Dodging
 - Level 2.0 Stealth
 - Level 2.0 Spellcasting
 - Level 5.0 Hexes
 + Level 10.0 Evocations


You had 7 spell levels left.
You knew the following spells:

 Your Spells              Type           Power      Damage    Failure   Level
a - Sigil of Binding      Hex            9%         N/A       17%         3
b - Dimensional Bullseye  Hex/Tloc       2%         N/A       83%         4

Your spell library contained the following spells:

 Spells                   Type           Power      Damage    Failure   Level
 Apportation              Tloc           0%         N/A       41%         1
 Foxfire                  Conj/Fire      0%         2x1d4     41%         1
 Necrotise                Necr           0%         1d4       41%         1
 Sandblast                Erth           0%         2d4       41%         1
 Sting                    Conj/Alch      0%         1d3       41%         1
 Summon Small Mammal      Summ           0%         N/A       41%         1
 Cigotuvi's Dreadful Rot  Necr/Alch/Air  0%         N/A       54%         2
 Call Canine Familiar     Summ           0%         N/A       78%         3
 Gell's Gravitas          Tloc           0%         N/A       78%         3
 Stone Arrow              Conj/Erth      0%         3d7       78%         3
 Teleport Other           Tloc           0%         N/A       78%         3
 Brom's Barrelling Bould  Conj/Erth      0%         2d3       99%         4
 Ignite Poison            Fire/Alch      0%         N/A       99%         4
 Leda's Liquefaction      Alch/Erth      0%         N/A       99%         4
 Freezing Cloud           Conj/Ice/Air   0%         6-21      100%        5
 Lee's Rapid Deconstruct  Erth           0%         3d4*      100%        5
 Dispersal                Tloc           0%         N/A       100%        6
 Permafrost Eruption      Ice/Erth       0%         2x4d2     100%        6
 Plasma Beam              Fire/Air       0%         2x1d10    100%        6
 Starburst                Conj/Fire      0%         6d3       100%        6


Dungeon Overview and Level Annotations

Branches:
Dungeon (9/15)             Temple (1/1) D:4           Sewer (visited)
 Bailey (visited)
   Lair: D:8-11         Orc: D:9-12

Altars:
Ashenzari
Cheibriados
Dithmenos
Elyvilon
Gozag
Hepliaklqana
Kikubaaqudgha
Makhleb
Nemelex Xobeh
Ru
Trog
Uskayaw
Vehumet
Wu Jian
Xom
Yredelemnul
Zin
The Shining One

Shops:
D:2 *   D:3 [


Innate Abilities, Weirdness & Mutations

You can wield a second weapon in your off-hand.
It takes a long time for you to wield or remove held weapons.
Your first few attacks do less damage.
You cannot equip rings or amulets.


Message History

The water moccasin is severely wounded.
You shoot a sling bullet.
The sling bullet hits the water moccasin.
The water moccasin is severely wounded.
Unknown command.
Fire: a) +4 sling (freeze) {Teghnoor}
Press: ? - help, Shift-Dir - straight line, f/p - water moccasin
Aim: a water moccasin (severely wounded, slow, ally target, 60% to hit)
You shoot a sling bullet.
The sling bullet hits the water moccasin!
The sling bullet freezes the water moccasin.
You kill the water moccasin!
You shoot a sling bullet.
A wyvern comes into view.
Grum barely misses the wyvern.
The wyvern moves out of view.
Your Evocations skill increases to level 10!
Unknown command.
Grum shimmers and vanishes!
A two-headed ogre comes into view.
It is wielding a +0 giant spiked club and a +0 giant club.
The two-headed ogre shouts in stereo!
You shoot a sling bullet.
The sling bullet hits the wyvern but does no damage.
You shoot a sling bullet.
The sling bullet barely misses the wyvern.
The wyvern bites you.
You shoot a sling bullet.
The sling bullet hits the wyvern but does no damage.
You shoot a sling bullet. The sling bullet hits the wyvern.
The sling bullet freezes the wyvern.
The wyvern is moderately wounded.
The wyvern barely misses you. The wyvern bites you!
* * * LOW HITPOINT WARNING * * *
Okay, then.
You shoot a sling bullet. The sling bullet hits the wyvern.
The sling bullet freezes the wyvern.
The wyvern is moderately wounded.
You shoot a sling bullet. The sling bullet hits the wyvern.
The wyvern is moderately wounded.
The wyvern bites you!
You die...

#.#..........#
...##......#######
#.....>##.# ####.#.##.#
#.#.##.# #......#
##...### #...#########
### #...#..@k.O.# ....
..####...#.#####.###..##.
#...[.........##.........
.
............#..##k.##..#.
..
##.............##†.##..#
...
...####...#.##.##.)#.g)
.... ##
#............O#)##$....
#.....##.#...........#
#.....##...##........#


You could see a two-headed ogre and a wyvern.

Vanquished Creatures
  An orc warlord (Bailey)
  2 orc knights (Bailey)
  3 yaks (D:8)
  Eustachio (D:5)
  A wyvern (D:8)
  A steam dragon (D:8)
  Grum (D:9)
  3 water moccasins
  16 orc warriors
  A sky beast (D:7)
  An ice beast (D:7)
  2 ogres
  2 wolves (D:9)
  A centaur (D:5)
  A phantom (D:6)
  2 kobold brigands (D:8)
  A gnoll sergeant (D:8)
  6 bullfrogs
  5 scorpions
  6 wights
  A burial acolyte (D:7)
  2 howler monkeys (D:5)
  2 jellies
  4 hounds (D:6)
  A bombardier beetle (D:3)
  A gnoll bouda (D:5)
  3 orc priests
  Crazy Yiuf (D:6)
  3 iguanas
  2 sleepcaps
  10 orc wizards
  8 adders
  13 gnolls
  A river rat (D:4)
  6 ufetubi
  An adder zombie (D:7)
  14 dart slugs
  2 ribbon worms
  27 orcs
  4 bats
  12 endoplasms
  13 giant cockroaches
  17 goblins
  14 hobgoblins
  16 kobolds
  4 quokkas (D:1)
  12 ball pythons
  13 frilled lizards
  A jackal zombie (D:7)
  5 rats
270 creatures vanquished.

Vanquished Creatures (collateral kills)
  A kobold brigand (D:9)
  A kobold (D:9)
2 creatures vanquished.

Grand Total: 272 creatures vanquished

Notes
Turn   | Place    | Note
-------+----------+-------------------------------------------
     0 | D:1      | hikkokomori the Coglin Hunter began the quest for the Orb.
     0 | D:1      | Reached XP level 1. HP: 16/16 MP: 1/1
    39 | D:1      | Reached skill level 1 in Stealth
    43 | D:1      | Reached XP level 2. HP: 22/22 MP: 2/2
   182 | D:1      | Found a faded altar of an unknown god.
   197 | D:1      | Reached XP level 3. HP: 27/28 MP: 3/3
   452 | D:2      | Found Ynesom's Assorted Antiques.
   505 | D:2      | Reached skill level 4 in Ranged Weapons
   715 | D:2      | Reached XP level 4. HP: 28/34 MP: 4/4
   973 | D:3      | Found Hocimp's Antique Armour Boutique.
  1138 | D:3      | Reached XP level 5. HP: 41/41 MP: 5/5
  1444 | D:3      | Found a broken altar of Ashenzari.
  1813 | D:4      | Found a hide-covered altar of Uskayaw.
  1828 | D:4      | Found a hazy altar of Hepliaklqana.
  1953 | D:4      | Found a glowing drain.
  1968 | Sewer    | Entered a sewer
  2203 | Sewer    | Reached skill level 5 in Ranged Weapons
  2203 | Sewer    | Reached XP level 6. HP: 41/48 MP: 6/6
  2378 | D:4      | Found a staircase to the Ecumenical Temple.
  2395 | Temple   | Entered the Ecumenical Temple
  2589 | D:4      | Learned a level 3 spell: Sigil of Binding
  2732 | D:5      | Entered Level 5 of the Dungeon
  2740 | D:4      | Reached skill level 5 in Fighting
  2740 | D:4      | Reached XP level 7. HP: 48/56 MP: 7/7
  3022 | D:5      | Noticed Eustachio
  3033 | D:5      | Killed Eustachio
  3034 | D:5      | Reached skill level 6 in Ranged Weapons
  3167 | D:5      | Reached XP level 8. HP: 63/65 MP: 8/8
  3422 | D:5      | Reached skill level 7 in Ranged Weapons
  3826 | D:6      | Identified the staff of Eternal Night {rC+ Dex+4 Stlth-
                  | Ice}
  3845 | D:6      | Found a bloodstained altar of Trog.
  3882 | D:6      | Reached skill level 1 in Spellcasting
  3882 | D:6      | Reached skill level 1 in Hexes
  3885 | D:6      | Reached XP level 9. HP: 48/73 MP: 10/10
  4003 | D:6      | Reached skill level 8 in Ranged Weapons
  4902 | D:6      | Found a runed translucent door.
  4903 | D:6      | Noticed Crazy Yiuf
  4934 | D:7      | Reached skill level 1 in Evocations
  5406 | D:7      | Found an ancient bone altar of Kikubaaqudgha.
  5589 | D:7      | Reached skill level 9 in Ranged Weapons
  5810 | D:8      | Reached XP level 10. HP: 78/80 MP: 13/13
  5823 | D:8      | Learned a level 4 spell: Dimensional Bullseye
  6051 | D:8      | Reached skill level 5 in Evocations
  6071 | D:8      | Reached skill level 5 in Hexes
  6073 | D:8      | Identified the +1 hand axe "Acoil" {freeze, Fly rPois}
  6118 | D:8      | Found a flagged portal.
  6158 | Bailey   | Entered a bailey
  6341 | Bailey   | Noticed an orc knight
  6353 | Bailey   | Killed an orc knight
  6354 | Bailey   | Reached skill level 10 in Ranged Weapons
  6400 | Bailey   | Noticed an orc warlord
  6400 | Bailey   | Noticed an orc knight
  6410 | Bailey   | Killed an orc knight
  6413 | Bailey   | Killed an orc warlord
  6414 | Bailey   | Reached XP level 11. HP: 86/86 MP: 14/14
  7328 | D:6      | Killed Crazy Yiuf
  7524 | D:9      | Noticed Grum
  7544 | D:9      | Killed Grum
  7545 | D:9      | Reached skill level 11 in Ranged Weapons
  7549 | D:9      | Reached skill level 10 in Evocations
  7551 | D:9      | Noticed a two-headed ogre
  7558 | D:9      | Slain by a wyvern

Illustrated notes

Levels and vault maps discovered:
D:1:      eino_arrival_tree_alley, layout_rooms, shapermc_ecumenical_altar_venn,
          glass_columns_b, chequers_serial_rivers_small_a
D:2:      layout_basic, serial_shops, shop
D:3:      layout_loops_corners, mainiacjoe_overflow_alcove_4, serial_shops, shop
D:4:      layout_cave_pools, mainiacjoe_overflow_catwalk_spiral,
          minmay_temple_entry_nine_rooms, portal_sewer_entry_a, serial_bayou,
          serial_bayou_shore_a, serial_bayou_pond_e, serial_bayou_pond_e,
          serial_bayou_lake_a
D:5:      layout_basic, uniq_eustachio
D:6:      layout_cave_pools, trog_butcher_becter, uniq_crazy_yiuf_cottage
D:7:      layout_basic, lemuel_zombie_altar_kikubaaqudgha, due_unseen_surprise
D:8:      layout_loops_cross, enter_bailey_2
D:9:      layout_loops_cross, minmay_orc_entry_temple_small,
          serial_bayou_crossing, uniq_maurice, uniq_grum
Temple:   nicolae_temple_bog_church

Skill      XL: |  1  2  3  4  5  6  7  8  9 10 11 |
---------------+----------------------------------+-----
Stealth        | 1 2 |  2.0
Ranged Weapons | 4 5 6 7 9 10 11 | 11.0
Fighting       | 3 4 5 6 7 8 |  8.0
Spellcasting   | 1 2 |  2.0
Hexes          | 1 4 5 |  5.0
Evocations     | 4 9 10 | 10.0
Dodging        | |  1.7

Action                     |  1- 3 |  4- 6 |  7- 9 | 10-12 || total
---------------------------+-------+-------+-------+-------++-------
  Melee: Sling             |       |       |     2 |       ||     2
   Fire: Sling             |   128 |   328 |   714 |   394 ||  1564
  Evoke: Wand              |       |       |       |    10 ||    10
         Phantom mirror    |       |       |       |     1 ||     1
    Use: Scroll            |       |     9 |     9 |     3 ||    21
         Potion            |       |       |     1 |     3 ||     4
 Armour: Leather armour    |     9 |    20 |   122 |    59 ||   210
  Dodge: Dodged            |     9 |    15 |    85 |    42 ||   151

Table legend: (Time is in decaauts)
 A = Elapsed time spent in this place.
 B = Non-inter-level travel time spent in this place.
 C = Inter-level travel time spent in this place.
 D = Time resting spent in this place.
 E = Time spent auto-exploring this place.
 F = Levels seen in this place.
 G = Mean time per level.
                   A        B        C        D        E       F      G
               +--------+--------+--------+--------+--------+-----+--------+
         Total |   7717 |   7314 |    403 |    354 |   5283 |  12 |  643.1 |
       Dungeon |   6837 |   6450 |    387 |    265 |   4928 |   9 |  759.7 |
        Temple |     38 |     22 |     16 |      0 |      0 |   1 |   38.0 |
         Sewer |    410 |    410 |      0 |      9 |    198 |   1 |  410.0 |
        Bailey |    431 |    431 |      0 |     80 |    157 |   1 |  431.0 |
               +--------+--------+--------+--------+--------+-----+--------+

Top non-repeatable levels by time:
     D:6: 1325 daAuts
     D:8: 1029 daAuts
     D:7: 907 daAuts
     D:5: 864 daAuts
     D:3: 846 daAuts
     D:4: 808 daAuts
     D:2: 515 daAuts
     D:1: 462 daAuts
  Bailey: 431 daAuts
   Sewer: 410 daAuts
     D:9: 76 daAuts
  Temple: 38 daAuts
